 Dungeon Crawl Stone Soup version 0.29.1-15-g9cfb28693d (webtiles) character file.

Game seed: 17266100294186657557

56686 Gabide the Warrior (level 14, 0/166 HPs)
             Began as an Ogre Monk on Apr 26, 2023.
             Was a High Priest of Elyvilon.
             Slain by a cyan ugly thing (4 damage)
             ... on level 14 of the Dungeon.
             The game lasted 00:45:31 (35118 turns).

Gabide the Warrior (Ogre Monk)                     Turns: 35118, Time: 00:45:31

Health: 0/166      AC:  8    Str: 28    XL:     14   Next: 82%
Magic:  19/24      EV: 13    Int: 11    God:    Elyvilon [*****.]
Gold:   1094       SH:  5    Dex: 11    Spells: 13/13 levels left

rFire   . . .      SeeInvis .   a - +3 broad axe (freeze)
rCold   . . .      Faith    .   (no shield)
rNeg    . . .      Spirit   .   r - +0 acid dragon scales
rPois   .          Reflect  +   (helmet restricted)
rElec   .          Harm     .   E - +0 cloak {Stlth+}
rCorr   +          Rampage  .   (gloves unavailable)
Will    ++...                   (boots unavailable)
Stlth   ++........              h - amulet of reflection
HPRegen 0.37/turn               s - +4 ring of protection
MPRegen 0.19/turn               y - +6 ring of strength

@: corroded
A: large, unfitting armour, tough skin 1, antennae 2, strong-willed 1
a: Renounce Religion, Purification, Heal Other, Heal Self, Divine Vigour


You were on level 14 of the Dungeon.
You worshipped Elyvilon.
Elyvilon was extremely pleased with you.
You visited 2 branches of the dungeon, and saw 19 of its levels.

You collected 1179 gold pieces.
You spent 85 gold pieces at shops.

Inventory:

Hand Weapons
 a - a +3 broad axe of freezing (weapon)
 b - the +8 sling of Theory {freeze, Will- Dex+5}
   (You found it on level 2 of the Dungeon)

   Any ammunition fired from it freezes those it strikes, dealing additional
   cold damage.
   It can also slow down cold-blooded creatures.
   Dex:       It affects your dexterity (+5).
   Will:      It decreases your willpower.
 c - a +4 whip of electrocution
Missiles
 k - 3 throwing nets
 l - 6 boomerangs of dispersal
 C - 3 curare-tipped darts
Armour
 r - +0 acid dragon scales (worn)
 E - a +0 cloak of stealth (worn)
 Q - a +0 troll leather armour
 S - +0 steam dragon scales
 T - +0 fire dragon scales
Jewellery
 h - an amulet of reflection (around neck)
 q - a ring of protection from fire
 s - a +4 ring of protection (left hand)
 v - a ring of positive energy
 y - a +6 ring of strength (right hand)
 R - an amulet of guardian spirit
 V - a ring of flight
Wands
 i - a wand of flame (90)
 o - a wand of polymorph (6)
 w - a wand of charming (9)
 D - a wand of iceblast (2)
 I - a wand of acid (8)
 U - a wand of digging (5)
Scrolls
 f - 2 scrolls of amnesia
 j - 3 scrolls of vulnerability
 m - 3 scrolls of poison
 t - 2 scrolls of butterflies
 u - a scroll of magic mapping
 A - a scroll of silence
 B - 3 scrolls of fear
 F - a scroll of summoning
 J - 2 scrolls of teleportation
 M - 2 scrolls of brand weapon
 N - a scroll of immolation
Potions
 d - 4 potions of resistance
 e - 2 potions of brilliance
 g - 6 potions of lignification
 n - 5 potions of heal wounds
 p - 5 potions of flight
 x - 4 potions of mutation
 z - 5 potions of curing
 G - 5 potions of attraction
 H - a potion of cancellation
 K - a potion of magic
 L - a potion of haste
 O - a potion of might
 P - a potion of ambrosia


   Skills:
 * Level 17.1 Fighting
 * Level 13.6 Axes
 + Level 11.7 Dodging
 - Level 1.4 Stealth
 * Level 14.4 Invocations


You had 13 spell levels left.
You didn't know any spells.
Your spell library contained the following spells:

 Spells                   Type           Power      Damage    Failure   Level
 Apportation              Tloc           0%         N/A       41%         1
 Beastly Appendage        Tmut           0%         N/A       41%         1
 Necrotise                Necr           0%         1d4       41%         1
 Summon Small Mammal      Summ           0%         N/A       41%         1
 Static Discharge         Conj/Air       0%         3-3/arc   54%         2
 Wereblood                Tmut           0%         N/A       54%         2
 Spider Form              Tmut/Pois      0%         N/A       78%         3
 Airstrike                Air            0%         2d(0-16)  99%         4
 Cause Fear               Hex            0%         N/A       99%         4
 Summon Ice Beast         Ice/Summ       0%         N/A       99%         4
 Summon Lightning Spire   Summ/Air       0%         N/A       99%         4
 Lightning Bolt           Conj/Air       0%         1d11      100%        5
 Summon Mana Viper        Hex/Summ       0%         N/A       100%        5
 Dragon Form              Tmut           0%         N/A       100%        7
 Monstrous Menagerie      Summ           0%         N/A       100%        7
 Maxwell's Capacitive Co  Air            0%         ∞         100%        8
 Dragon's Call            Summ           0%         N/A       100%        9


Dungeon Overview and Level Annotations

Branches:
Dungeon (14/15)            Temple (0/1) D:6            Lair (5/5) D:11
  Swamp (0/4) Lair:2        Snake (0/4) Lair:3        Slime (0/5) Lair:4
    Orc (0/2) D:9          Vaults (0/5) D:13

Altars:
Dithmenos
Elyvilon
Fedhas
Xom
Zin
The Shining One

Shops:
D:11 ((=!:

Annotations:
D:2 Sigmund


Innate Abilities, Weirdness & Mutations

You are too large for most types of armour.
You have tough skin. (AC +1)
You have a pair of antennae on your head.
You are strong-willed. (Will+)


Message History

* * * LOW HITPOINT WARNING * * *
The white ugly thing freezes you!! Elyvilon protects you from harm!
The brown ugly thing misses you.
You are healed.
The cyan ugly thing closely misses you. The white ugly thing engulfs you.
* * * LOW HITPOINT WARNING * * *
The white ugly thing freezes you!!
* * * LOW HITPOINT WARNING * * *
The white ugly thing misses you.
The brown ugly thing closely misses you.
You are healed.
The cyan ugly thing gores you but does no damage.
You block the white ugly thing's attack.
The white ugly thing basks in the mutagenic energy from its kin and changes!
The brown ugly thing basks in the mutagenic energy from its kin and changes!
You hit the white ugly thing but do no damage.
The white ugly thing is almost dead.
You closely miss the cyan ugly thing. You barely miss the cyan ugly thing.
You closely miss the cyan ugly thing. You block the cyan ugly thing's attack.
The white ugly thing basks in the mutagenic energy from its kin and changes!
You slash the cyan ugly thing! You freeze the cyan ugly thing.
You kill the cyan ugly thing!
You closely miss the cyan ugly thing. You slash the cyan ugly thing!
You freeze the cyan ugly thing.
You hit the cyan ugly thing but do no damage.
The cyan ugly thing gores you!
* * * LOW HITPOINT WARNING * * *
The cyan ugly thing shocks you!
* * * LOW HITPOINT WARNING * * *
You slice the cyan ugly thing!! You freeze the cyan ugly thing.
You kill the cyan ugly thing!
You slash the cyan ugly thing! You freeze the cyan ugly thing.
You slash the cyan ugly thing! You freeze the cyan ugly thing.
The cyan ugly thing trunk-slaps you!
* * * LOW HITPOINT WARNING * * *
The cyan ugly thing shocks you! Elyvilon protects you from harm!
The cyan ugly thing gores you.
You die...

#.....# #.....#
#.....# #.....#
#.....# +.....#
#.u†u.# ###+#.†@†.#
..........#
......######...#
...... #...# ......#
#...# ......# #...#
.....######...#
#####+##...........#
#......#...........#


You could see 2 ugly things.

Vanquished Creatures
  Rupert (Lair:5)
  A fire dragon (Lair:5)
  5 hydras
  A boulder beetle (D:12)
  2 dancing weapons (D:13)
  A centaur warrior (D:14)
  4 two-headed ogres
  2 death yaks (Lair:3)
  Sonja (Lair:2)
  5 skeletal warriors
  A lindwurm (Lair:5)
  4 ugly things
  3 manticores
  4 cyclopes
  5 black mambas
  3 molten gargoyles (Lair:5)
  Maurice (D:11)
  A cane toad (Lair:3)
  An unseen horror (D:13)
  11 komodo dragons
  A polar bear (Lair:5)
  4 trolls
  Prince Ribbit (Lair:2)
  9 slime creatures
  16 blink frogs
  7 dream sheep (Lair:3)
  A jumping spider (shapeshifter) (D:13)
  7 wyverns
  A water elemental (D:11)
  2 shadows
  2 wraiths
  44 yaks
  10 basilisks
  2 steam dragons (Lair:5)
  Edmund (D:5)
  2 acid dragons
  10 water moccasins
  Duvessa (D:7)
  3 hell hounds (Lair:5)
  A swamp drake (D:11)
  2 ice beasts (D:7)
  3 sky beasts (D:7)
  A black bear (shapeshifter) (D:13)
  5 black bears
  5 orc warriors
  36 wolves
  9 centaurs
  2 kobold brigands
  2 gnoll sergeants
  13 bullfrogs
  2 scorpions
  10 wights
  Dowan (D:7)
  7 killer bees
  9 electric eels
  8 howler monkeys
  3 hounds
  4 lava snakes (Lair:5)
  2 jellies
  11 orc priests
  Crazy Yiuf (D:7)
  2 gnoll boudas
  2 iguanas
  5 orc wizards
  Natasha (twice) (D:2)
  Robin (D:2)
  21 gnolls
  5 adders
  2 white imps
  2 worms
  2 dart slugs (D:4)
  49 orcs
  8 endoplasms
  6 giant cockroaches
  18 goblins
  9 hobgoblins
  8 jackals
  3 quokkas
  5 ball pythons
  5 bats
  3 frilled lizards
  16 kobolds
  2 rats
494 creatures vanquished.

Vanquished Creatures (others)
  A death yak (Lair:3)
  A manticore (D:11)
  2 basilisks (D:11)
  A boggart (D:7)
  16 fungi
  31 plants
52 creatures vanquished.

Grand Total: 546 creatures vanquished

Notes
Turn   | Place    | Note
-------+----------+-------------------------------------------
     0 | D:1      | Gabide the Ogre Monk began the quest for the Orb.
     0 | D:1      | Reached XP level 1. HP: 24/24 MP: 1/1
    57 | D:1      | Reached XP level 2. HP: 27/32 MP: 2/2
   268 | D:1      | Found a faded altar of an unknown god.
   817 | D:1      | Reached XP level 3. HP: 40/40 MP: 3/3
  1435 | D:2      | Noticed Robin
  1792 | D:2      | Killed Robin
  1793 | D:2      | Reached XP level 4. HP: 46/49 MP: 4/4
  2124 | D:2      | Reached skill level 5 in Fighting
  2235 | D:2      | Noticed Natasha
  2259 | D:2      | HP: 2/50 [Natasha (1)]
  2262 | D:2      | Killed Natasha
  2687 | D:2      | Identified the +8 sling of Theory {freeze, Will- Dex+5}
  2716 | D:2      | Noticed Sigmund
  3011 | D:2      | Noticed Natasha
  3014 | D:2      | Killed Natasha
  3015 | D:2      | Reached XP level 5. HP: 57/57 MP: 5/5
  3090 | D:3      | You fall into a shaft and drop 1 floor!
  3103 | D:4      | Reached XP level 6. HP: 67/67 MP: 6/6
  3149 | D:3      | Reached skill level 6 in Fighting
  4157 | D:4      | Found a shimmering altar of Xom.
  4158 | D:4      | Found a transporter.
  4242 | D:4      | Found a transporter.
  4519 | D:4      | Reached skill level 5 in Axes
  4519 | D:4      | Reached XP level 7. HP: 76/76 MP: 7/7
  5186 | D:5      | Entered Level 5 of the Dungeon
  5198 | D:5      | Reached skill level 7 in Fighting
  5313 | D:4      | Reached skill level 5 in Dodging
  5617 | D:5      | Noticed Edmund
  5747 | D:5      | Killed Edmund
  5748 | D:5      | Reached XP level 8. HP: 83/88 MP: 8/8
  5834 | D:5      | Reached skill level 8 in Fighting
  5987 | D:5      | Found a white marble altar of Elyvilon.
  6227 | D:5      | Gained mutation: You have a pair of small antennae on your
                  | head. [potion of mutation]
  6227 | D:5      | Gained mutation: You have a pair of antennae on your head.
                  | [potion of mutation]
  6227 | D:5      | Gained mutation: You are strong-willed. (Will+) [potion of
                  | mutation]
  7683 | D:6      | Reached skill level 9 in Fighting
  7882 | D:6      | Found a staircase to the Ecumenical Temple.
  8462 | D:7      | Reached XP level 9. HP: 91/98 MP: 9/9
  8663 | D:7      | Noticed a skeletal warrior
  8802 | D:7      | Reached skill level 10 in Fighting
  8849 | D:7      | Found a shadowy altar of Dithmenos.
  8849 | D:7      | Found a glowing silver altar of Zin.
  8849 | D:7      | Found a glowing golden altar of the Shining One.
  8963 | D:5      | Became a worshipper of Elyvilon the Healer
  8963 | D:5      | Reached * piety under Elyvilon
  8963 | D:5      | Reached ** piety under Elyvilon
  9631 | D:7      | Found a runed translucent door.
  9632 | D:7      | Noticed Crazy Yiuf
  9637 | D:7      | Killed Crazy Yiuf
 10117 | D:8      | Reached skill level 1 in Invocations
 10303 | D:8      | Pacified an unseen horror
 10303 | D:8      | Noticed an unseen horror
 10824 | D:8      | Reached skill level 5 in Invocations
 10824 | D:8      | Reached XP level 10. HP: 74/110 MP: 13/13
 10958 | D:8      | Reached *** piety under Elyvilon
 11432 | D:8      | Noticed a red ugly thing
 11445 | D:8      | Killed a red ugly thing
 12282 | D:9      | Noticed a two-headed ogre
 12297 | D:9      | Killed a two-headed ogre
 12382 | D:9      | Found a staircase to the Orcish Mines.
 13391 | D:9      | HP: 6/166 [slime creature (12)]
 13391 | D:9      | Elyvilon protects you from harm!
 13399 | D:9      | Reached XP level 11. HP: 28/119 MP: 15/17
 13401 | D:9      | Reached skill level 11 in Fighting
 14087 | D:10     | Entered Level 10 of the Dungeon
 14407 | D:10     | Noticed a manticore
 14419 | D:10     | Killed a manticore
 14627 | D:10     | Noticed a boulder beetle
 14646 | D:10     | Pacified a boulder beetle
 15691 | D:11     | Found Magh's Jewellery Emporium.
 15695 | D:11     | Noticed a two-headed ogre
 15702 | D:11     | Killed a two-headed ogre
 15730 | D:11     | Noticed a two-headed ogre
 15738 | D:11     | Killed a two-headed ogre
 15834 | D:11     | Noticed a sea snake
 15863 | D:11     | Noticed a boulder beetle
 15872 | D:11     | Pacified a boulder beetle
 15873 | D:11     | Reached skill level 12 in Fighting
 16145 | D:11     | Found a staircase to the Lair.
 16165 | D:11     | Reached skill level 10 in Invocations
 16461 | D:11     | Reached **** piety under Elyvilon
 16470 | D:11     | Noticed Maurice
 16476 | D:11     | Noticed a manticore
 16485 | D:11     | Killed a manticore
 16487 | D:11     | Killed Maurice
 16683 | D:11     | Noticed a manticore
 16691 | D:11     | Killed a manticore
 16692 | D:11     | Reached skill level 10 in Axes
 16692 | D:11     | Reached XP level 12. HP: 99/133 MP: 19/19
 16887 | D:11     | Found Bopnitemy's Distillery.
 16896 | D:11     | Bought a potion of berserk rage for 85 gold pieces
 16898 | D:11     | Found Hailezo's Book Boutique.
 17395 | D:11     | Found Dukkoz's Antique Weapon Shoppe.
 17408 | D:11     | Noticed a five-headed hydra
 17435 | D:11     | Killed a five-headed hydra
 17470 | D:11     | Reached skill level 10 in Dodging
 17777 | D:11     | Found Asuices's Weapon Shoppe.
 17786 | D:11     | Noticed a two-headed ogre
 17796 | D:11     | Killed a two-headed ogre
 17797 | D:11     | Reached skill level 13 in Fighting
 18579 | D:12     | Noticed a five-headed hydra
 18591 | D:12     | Killed a five-headed hydra
 18766 | D:12     | Identified the +2 pair of boots of Begholips {rPois Int+3
                  | Dex+3}
 19722 | D:13     | Found a blossoming altar of Fedhas.
 19728 | D:13     | Reached ***** piety under Elyvilon
 20287 | D:13     | HP: 4/137 [+5 long sword (11)]
 21363 | D:13     | Found a gate to the Vaults.
 21389 | D:13     | Reached skill level 14 in Fighting
 21857 | D:13     | Identified a scroll of acquirement
 21858 | D:13     | Acquired a +3 broad axe of freezing
 21988 | Lair:1   | Entered Level 1 of the Lair of Beasts
 22024 | Lair:1   | Reached XP level 13. HP: 146/146 MP: 21/21
 22089 | Lair:1   | Found a blossoming altar of Fedhas.
 22810 | Lair:2   | Noticed Sonja
 22817 | Lair:2   | Killed Sonja
 23240 | Lair:2   | Noticed Prince Ribbit
 23266 | Lair:2   | Killed Prince Ribbit
 23271 | Lair:2   | Found a staircase to the Swamp.
 24959 | Lair:3   | Found a staircase to the Snake Pit.
 25309 | Lair:3   | Reached ****** piety under Elyvilon
 25355 | Lair:3   | Reached skill level 15 in Fighting
 26686 | Lair:4   | Found a staircase to the Slime Pits.
 27550 | Lair:5   | Entered Level 5 of the Lair of Beasts
 27558 | Lair:5   | Noticed Rupert
 27561 | Lair:5   | Paralysed by Rupert for 5 turns
 27583 | Lair:5   | Killed Rupert
 27873 | Lair:5   | Reached XP level 14. HP: 146/161 MP: 23/23
 28419 | Lair:5   | Reached skill level 16 in Fighting
 30664 | Lair:5   | Found a large runed translucent door.
 30666 | Lair:5   | Found a large runed translucent door.
 31432 | D:7      | Noticed Dowan
 31432 | D:7      | Noticed Duvessa
 31439 | D:7      | Killed Duvessa
 31442 | D:7      | Killed Dowan
 31930 | D:7      | Identified the +7 short sword of Gulen {pain, +Blink rPois
                  | rN+ Str+2}
 32516 | D:12     | HP: 1/163 [skeletal warrior/+0 vampiric glaive (30)]
 32545 | D:12     | HP: 7/163 [skeletal warrior/+0 vampiric glaive (21)]
 34665 | D:14     | Reached skill level 17 in Fighting
 35113 | D:14     | Elyvilon protects you from harm!
 35118 | D:14     | HP: 4/166 [cyan ugly thing (9)]
 35118 | D:14     | Elyvilon protects you from harm!
 35118 | D:14     | Slain by a cyan ugly thing

Illustrated notes

Levels and vault maps discovered:
D:1:      co_arrival_square_in_a_square_in_a_square, layout_basic,
          hellmonk_ecumenical_altar_pennies_from_heaven
D:2:      layout_basic, uniq_natasha, uniq_sigmund, uniq_robin
D:3:      layout_rooms
D:4:      gammafunk_steamed_eel, layout_loops_ring, xom_teletrap_fun,
          hangedman_decor_push
D:5:      layout_gridville, kennysheep_mini, chequers_serial_rivers_small_b,
          uniq_edmund
D:6:      layout_loops_cross, minmay_temple_entry_stoned_glass
D:7:      nzn_winding_woodlands_medium [nzn_winding_woodlands_hourglass,
          nzn_winding_woodlands_5x15_pockets,
          nzn_winding_woodlands_5x5_perimeter,
          nzn_winding_woodlands_5x5_default,
          nzn_winding_woodlands_center_triple_pond,
          nzn_winding_woodlands_5x5_cross, nzn_winding_woodlands_5x5_default,
          nzn_winding_woodlands_5x15_split_checker,
          nzn_winding_woodlands_5x5_three], layout_basic,
          gammafunk_temple_overflow_claw, uniq_duvessa, uniq_crazy_yiuf_cottage
D:8:      layout_basic
D:9:      layout_rooms, david_orc_5
D:10:     layout_long_grid
D:11:     layout_basic, erik_lair_dragon, serial_shops, nicolae_diamond_shop,
          nicolae_square_shop, shop, nicolae_inconvenience_store,
          kennysheep_mini_moat, serial_aquarium, aquarium_bridge_long_joined
          [aquarium_subvault_wall, aquarium_subvault_bridge,
          aquarium_subvault_wall, aquarium_subvault_bridge,
          aquarium_subvault_balcony, aquarium_subvault_wall],
          aquarium_window_fake, aquarium_window_fake, aquarium_window_corner,
          aquarium_window_corridor_3, aquarium_view_2e, aquarium_view_2c,
          aquarium_pool_1, uniq_maurice
D:12:     layout_roguey
D:13:     layout_loops_ring, erik_vaults_1, nicolae_hexahallways,
          fedhas_bush_and_centaur_altar
D:14:     minmay_the_grid_triangle_9x9_rhombus_thin
          [minmay_the_grid_triangle_9x9_skeleton,
          minmay_the_grid_triangle_9x9_prize_center,
          minmay_the_grid_triangle_9x9_corrupted_corridor,
          minmay_the_grid_triangle_9x9_minimal], layout_irregular_city,
          nicolae_uskayaw_suspiria
Lair:1:   hellmonk_destroyed_diamonds, layout_loops_ring, basic_altar
Lair:2:   layout_layer_cave, swamp_mist_pool, uniq_sonja, uniq_prince_ribbit2
Lair:3:   layout_cave_pods, dummy_snake_entry, infiniplex_staircase_pool_2,
          serial_bayou_shore_b
Lair:4:   layout_roguey, slime_entry_1
Lair:5:   cheibrodos_lair_end_hotspot, layout_regular_city,
          grunt_forest_large_clearings, uniq_rupert

Skill      XL: |  1  2  3  4  5  6  7  8  9 10 11 12 13 14 |
---------------+-------------------------------------------+-----
Dodging        | 3 4 5 6 8 9 10 11 | 11.7
Fighting       | 5 6 7 9 10 12 14 15 17 | 17.1
Axes           | 4 5 6 7 8 10 11 12 13 | 13.6
Invocations    | 5 8 10 11 13 14 | 14.4
Stealth        | |  1.4

Action                   |  1- 3 |  4- 6 |  7- 9 | 10-12 | 13-15 || total
-------------------------+-------+-------+-------+-------+-------++-------
Melee: Hand axe          |   117 |    50 |     8 |       |       ||   175
       Whip              |       |    17 |    83 |    20 |       ||   120
       Battleaxe         |       |       |   149 |   389 |       ||   538
       Broad axe         |       |       |       |     3 |   505 ||   508
       Punch             |       |       |       |       |    11 ||    11
 Fire: Sling             |       |    94 |   123 |   165 |   216 ||   598
Throw: Boomerang         |       |       |       |     7 |       ||     7
       Dart              |       |       |       |       |     1 ||     1
Invok: Heal Other        |       |       |     1 |     2 |     8 ||    11
       Heal Self         |       |       |       |     2 |    11 ||    13
       Divine Vigour     |       |       |       |       |     1 ||     1
Evoke: Wand              |       |       |     2 |       |       ||     2
  Use: Potion            |       |     2 |     3 |     4 |     4 ||    13
       Scroll            |       |    11 |     8 |    16 |     2 ||    37
 Stab: Sleeping          |     1 |       |     2 |     3 |     3 ||     9
       Distracted        |       |       |       |       |     2 ||     2
Armor: Robe              |    53 |       |       |       |       ||    53
       Animal skin       |       |    21 |    93 |   125 |       ||   239
       Skin              |       |       |       |    21 |       ||    21
       Acid dragon scale |       |       |       |    47 |   176 ||   223
Dodge: Dodged            |    75 |    49 |   178 |   296 |   355 ||   953
Block: Other             |       |       |    57 |   132 |   117 ||   306
       Reflection        |       |       |     2 |     6 |       ||     8
